 Dungeon Crawl Stone Soup version 0.30-a0-636-g200c5c4a83 (webtiles) character file.

Game seed: 12665310540590740870

201 Oxelix the Covert (level 5, -1/25 HPs)
             Began as a Spriggan Brigand on Jan 15, 2023.
             Succumbed to an orc wizard's poison
             ... on level 3 of the Dungeon.
             The game lasted 00:04:40 (2022 turns).

Oxelix the Covert (Spriggan Brigand)                Turns: 2022, Time: 00:04:40

Health: -1/25      AC:  3    Str:  7    XL:     5   Next: 50%
Magic:  6/6        EV: 16    Int: 13    God:
Gold:   184        SH:  0    Dex: 18    Spells: 4/4 levels left

rFire   . . .      SeeInvis +    a - +2 dagger
rCold   . . .      Faith    .    (no shield)
rNeg    . . .      Spirit   .    b - +0 robe
rPois   .          Reflect  .    (helmet restricted)
rElec   .          Harm     .    c - +0 cloak
rCorr   .          Rampage  .    (gloves unavailable)
Will    +....                    (boots unavailable)
Stlth   ++++                     (no amulet)
HPRegen 0.24/turn                v - ring of willpower
MPRegen 0.10/turn                (no ring)

@: lethally poisoned (-1 -> -20), very quick
A: very small, no large weapons, unfitting armour, see invisible, speed 3
a: no special abilities


You were on level 3 of the Dungeon.
You visited 1 branch of the dungeon, and saw 3 of its levels.

You collected 184 gold pieces.

Inventory:

Hand Weapons
 a - a +2 dagger (weapon)
 n - a +0 dagger of speed
Missiles
 d - 2 throwing nets
 e - 2 curare-tipped darts
 w - 7 poisoned darts (quivered)
Armour
 b - a +0 robe (worn)
 c - a +0 cloak (worn)
Jewellery
 v - a ring of willpower (left hand)
 x - a +6 ring of dexterity
Wands
 q - a wand of paralysis (3)
 u - a wand of light (8)
Scrolls
 f - 6 scrolls of identify {unknown}
 g - a scroll of noise {unknown}
 j - a scroll of torment {unknown}
 k - a scroll of blinking {unknown}
 l - 2 scrolls of teleportation {unknown}
 r - a scroll of fog {unknown}
Potions
 h - a potion of lignification {unknown}
 i - a potion of curing {unknown}
 m - a potion of brilliance {unknown}
 o - a potion of attraction {unknown}
 p - a potion of mutation {unknown}
 s - a potion of flight {unknown}
 t - a potion of cancellation {unknown}


   Skills:
 - Level 1.5 Fighting
 + Level 4.0 Short Blades
 - Level 2.0 Throwing
 - Level 1.3 Dodging
 * Level 9.2 Stealth


You had 4 spell levels left.
You didn't know any spells.
Your spell library contained the following spells:

 Spells                   Type           Power      Damage    Failure   Level
 Apportation              Tloc           0%         N/A       30%         1
 Necrotise                Necr           0%         1d4       30%         1
 Summon Small Mammal      Summ           0%         N/A       30%         1


Dungeon Overview and Level Annotations

Branches:
Dungeon (3/15)

Altars:
Fedhas
Sif Muna
Trog
Zin
The Shining One


Innate Abilities, Weirdness & Mutations

You are very small and have problems with some larger weapons.
You are too small for most types of armour.
You have supernaturally acute eyesight. (SInv)
You cover ground extremely quickly. (Speed+++)


Message History

The orc completely misses you.
You hit the orc but do no damage.
The orc is heavily wounded.
The orc hits you but does no damage.
You hit the orc.
You kill the orc!
The orc wizard hits you but does no damage.
You are poisoned.
Things that are here:
a +0 mace; a +0 leather armour; an orc corpse You barely miss the orc wizard.
You feel sick.
The orc wizard hits you with a +1 dagger of venom.
You are lethally poisoned!
You hit the orc wizard.
The orc wizard is moderately wounded.
You feel very sick.
The orc wizard mumbles some strange words.
The orc wizard flickers and vanishes for a moment.
You hit the orc wizard.
The orc wizard is heavily wounded.
You feel very sick.
You closely miss the orc wizard.
The orc wizard is heavily wounded.
You feel sick.
The orc wizard hits you but does no damage.
You are more poisoned.
You hit the orc wizard.
The orc wizard is severely wounded.
* * * LOW HITPOINT WARNING * * *
You feel very sick.
The orc wizard hits you but does no damage.
You are more poisoned.
You hit the orc wizard.
The orc wizard is severely wounded.
* * * LOW HITPOINT WARNING * * *
You feel very sick. The orc wizard barely misses you.
You barely miss the orc wizard.
The orc wizard is severely wounded.
You die...

##..#.###.# #.#
.<..#.# #.# #.######
.#..#.###.###......###
..............##.#...#
##...................#
..........♣♣♣._.♣♣♣..#
...##.###...♣...♣...
####......♣.♣♣.♣♣.♣
#..#...♣.....@o♣
#..#.#.♣♣♣♣.♣♣♣♣
#.S#.#.......
#......♣♣♣♣.♣ #.##.#.♣
... #.#g.#.♣.♣♣.♣
#.#......♣...
#.#o#..♣♣♣._
#.#.#.....


You could see an orc wizard (invisible).

Vanquished Creatures
  Natasha (thrice) (D:2)
  4 gnolls (D:3)
  3 adders
  A worm (D:2)
  A dart slug (D:2)
  2 orcs
  6 endoplasms
  3 giant cockroaches
  5 goblins
  5 hobgoblins
  4 jackals (D:2)
  A quokka (D:1)
  9 ball pythons
  5 bats
  A frilled lizard (D:2)
  4 rats
57 creatures vanquished.

Notes
Turn   | Place    | Note
-------+----------+-------------------------------------------
     0 | D:1      | Oxelix the Spriggan Brigand began the quest for the Orb.
     0 | D:1      | Reached XP level 1. HP: 10/10 MP: 2/2
    54 | D:1      | Reached skill level 6 in Stealth
   254 | D:1      | Reached XP level 2. HP: 14/14 MP: 3/3
   639 | D:2      | Noticed Natasha
   646 | D:2      | Killed Natasha
   647 | D:2      | Reached skill level 7 in Stealth
   647 | D:2      | Reached XP level 3. HP: 18/18 MP: 4/4
   686 | D:2      | Found a bloodstained altar of Trog.
   813 | D:2      | Reached XP level 4. HP: 22/22 MP: 5/5
   862 | D:2      | Noticed Natasha
   890 | D:2      | Killed Natasha
   891 | D:2      | Reached skill level 8 in Stealth
  1017 | D:2      | Noticed Natasha
  1036 | D:2      | Killed Natasha
  1265 | D:2      | Reached XP level 5. HP: 25/25 MP: 6/6
  1478 | D:3      | Found a glowing silver altar of Zin.
  1494 | D:3      | Found a glowing golden altar of the Shining One.
  1777 | D:3      | Reached skill level 9 in Stealth
  1998 | D:3      | Found a shimmering blue altar of Sif Muna.
  2008 | D:3      | Found a blossoming altar of Fedhas.
  2022 | D:3      | Succumbed to an orc wizard's poison

Illustrated notes

Levels and vault maps discovered:
D:1:      lightli_arrival_chessboard, layout_rooms
D:2:      layout_basic, basic_altar, uniq_natasha
D:3:      layout_loops_ring, lemuel_crystal_altar,
          mainiacjoe_overflow_boulevard, mainiacjoe_overflow_large_starburst,
          kennysheep_generic_room_13

Skill      XL: |  1  2  3  4  5 |
---------------+----------------+-----
Stealth        | 6 7 8 9 |  9.2
Short Blades   | 3 4 |  4.0
Fighting       | |  1.5
Throwing       | |  2.0
Dodging        | |  1.3

Action                   |  1- 3 |  4- 6 || total
-------------------------+-------+-------++-------
Melee: Dagger            |    58 |   113 ||   171
       Punch             |     1 |     1 ||     2
Throw: Dart              |       |    17 ||    17
 Stab: Sleeping          |    11 |     7 ||    18
       Distracted        |     1 |       ||     1
Armor: Robe              |     4 |    14 ||    18
Dodge: Dodged            |    26 |    57 ||    83

Table legend: (Time is in decaauts)
 A = Elapsed time spent in this place.
 B = Non-inter-level travel time spent in this place.
 C = Inter-level travel time spent in this place.
 D = Time resting spent in this place.
 E = Time spent auto-exploring this place.
 F = Levels seen in this place.
 G = Mean time per level.
                   A        B        C        D        E       F      G
               +--------+--------+--------+--------+--------+-----+--------+
         Total |   1383 |   1337 |     46 |    137 |    639 |   3 |  461.0 |
       Dungeon |   1383 |   1337 |     46 |    137 |    639 |   3 |  461.0 |
               +--------+--------+--------+--------+--------+-----+--------+

Top non-repeatable levels by time:
     D:2: 583 daAuts
     D:3: 414 daAuts
     D:1: 385 daAuts
